cohdb
Replays
Latest Replays
All Replays
Popular Replays
Top Player Replays
Match Explorer
How It Works
Community
CoH3 Stats
Reddit
Sign in to upload your games and track your stats! →
Sign in with Steam
Match 42777855
Unlisted
Match 42777855
Overview
Messages
Build Orders
End
Kradschützen Motorcycle Team
Panzerpioneer Squad
Selects Panzerjäger Kommand Battlegroup
Selects Mine Fields
Panzerpioneer Squad
Panzerpioneer Squad
Panzerpioneer Squad
Construct Light Support Kompanie
Selects Tank Busters
2.5-tonne Medical Truck
Panzerjäger Squad
Panzerjäger Squad
Forward Retreat Point
Advanced Field Repairs
Fire Support Elements
Selects Defensive Positions
Construct Panzerarmee Kommand
Selects Crew Shock Tactics
Veteran Squad Leaders
Rapid Advance
Walking Stuka Rocket Launcher
Crew Shock Tactics
Panzerjäger Squad
Selects Anti-tank Overwatch
Crew Shock Tactics
Armored Reserves
Panzerjäger Squad
Panzerjäger Squad
Walking Stuka Rocket Launcher
Advanced Optics
Selects Butterfly Bomb Drop
Crew Shock Tactics
Pulsar
Hose kaufen?
izi
Valar[M]orgHulis
Crusade
Bob/TTV.Bob
Салофоб
ssacharov
0
0
Comments
sign in to comment!
No comments posted yet!